 Dungeon Crawl Stone Soup version 0.31-a0-1066-g35875b3 (webtiles) character file.

Game seed: 6545572077208892075

15597 Agrajec the Thaumaturge (level 12, -3/92 HPs)
             Began as a Djinni Conjurer on Nov 21, 2023.
             Was an Initiate of Ashenzari.
             Killed by divine providence
             ... invoked by an orc priest
              (15 damage)
             ... on level 12 of the Dungeon on Nov 22, 2023.
             The game lasted 00:38:24 (11659 turns).

Agrajec the Thaumaturge (Djinni Conjurer)          Turns: 11659, Time: 00:38:25

Health: -3/92      AC: 18    Str:  6    XL:     12   Next: 59%
Gold:   328        EV: 11    Int: 27    God:    Ashenzari [......] SH:  5 Dex: 12

rFire   + + +        b - +2 short sword (flame)
rCold   x . .        (no shield)
rNeg    . . .        y - +2 ring mail "Qeimal" {rPois rF+ Int+2}
rPois   ∞            D - +2 helmet
rElec   .            q - +2 cloak "Nihilism of Ashenzari" {Elem, Self} (curse)
rCorr   .            M - +2 pair of gloves
SInv    .            (boots unavailable)
Will    ++...        F - amulet of reflection
Stlth   +            s - ring of willpower
HPRegen 0.35/turn    B - +4 ring of slaying
MPRegen 0.00/turn

%: reflection, infuse magic (-4 HP)
@: flying, studying Stealth
A: sickness immunity, fire resistance 2, cold vulnerability 1, float, innate
caster, HP casting, extra vitality 1
a: Renounce Religion, Curse Item, Shatter the Chains


You were on level 12 of the Dungeon.
You worshipped Ashenzari.
Ashenzari was noncommittal.
You visited 2 branches of the dungeon, and saw 13 of its levels.
You also visited: Bailey.

You collected 666 gold pieces.
You spent 338 gold pieces at shops.

Inventory:

Hand Weapons
 b - a +2 short sword of flaming (weapon)
 t - a +3 flail of holy wrath
Missiles
 H - a throwing net
Armour
 a - a +0 robe
 q - the cursed +2 cloak "Nihilism of Ashenzari" (worn) {Elem, Self}
   (You found it on level 3 of the Dungeon)

   It has a curse which improves the following skills: Elements: Fire Magic, Ice
   Magic, Air Magic and Earth Magic.
   Introspection: Fighting and Spellcasting.
 y - the +2 ring mail "Qeimal" (worn) {rPois rF+ Int+2}
   (You found it on level 7 of the Dungeon)

   Int+2:     It affects your intelligence (+2).
   rF+:       It protects you from fire.
   rPois:     It protects you from poison
 D - a +2 helmet (worn)
 M - a +2 pair of gloves (worn)
Magical Staves
 e - a staff of fire
Jewellery
 f - a +6 ring of intelligence
 s - a ring of willpower (left hand)
 B - a +4 ring of slaying (right hand)
 F - an amulet of reflection (around neck)
Wands
 d - a wand of flame (11)
 o - a wand of polymorph (19)
 I - a wand of paralysis (3)
Scrolls
 g - 5 scrolls of teleportation
 j - 7 scrolls of enchant weapon
 k - 4 scrolls of noise
 l - a scroll of vulnerability {unknown}
 m - a scroll of silence {unknown}
 p - 6 scrolls of identify {unknown}
 u - 2 scrolls of fog {unknown}
 w - a scroll of revelation {unknown}
 G - 2 scrolls of blinking {unknown}
 K - a scroll of poison {unknown}
 L - a scroll of fear {unknown}
 N - a scroll of butterflies {unknown}
 P - a scroll of enchant armour
Potions
 c - 10 potions of heal wounds
 h - 3 potions of cancellation {unknown}
 i - 3 potions of resistance {unknown}
 n - a potion of invisibility {unknown}
 r - a potion of lignification {unknown}
 v - 2 potions of mutation {unknown}
 x - 2 potions of haste {unknown}
 z - 2 potions of berserk rage {unknown}
 A - a potion of enlightenment {unknown}
 C - 2 potions of magic {unknown}
 J - a potion of curing
 O - a potion of attraction {unknown}


   Skills:
 + Level 10.0(10.4) Fighting
 + Level 6.3 Armour
 - Level 7.0 Dodging
 - Level 1.5 Stealth
 * Level 11.5(11.9) Spellcasting
 * Level 11.5 Conjurations
 * Level 11.5 Hexes
 * Level 11.5 Summonings
 * Level 11.5 Necromancy
 * Level 11.5 Translocations
 * Level 11.5 Transmutations
 * Level 11.5(11.9) Fire Magic
 * Level 11.5(11.9) Ice Magic
 * Level 11.5(11.9) Air Magic
 * Level 11.5(11.9) Earth Magic
 * Level 11.5 Poison Magic


You knew the following spells:

 Your Spells              Type           Power      Damage    Failure   Level
a - Magic Dart            Conj           100%       1d8       1%          1
b - Searing Ray           Conj           100%       2d8       1%          2
c - Fulminant Prism       Conj/Hex       33%        3d15      1%          4
d - Iskenderun's Mystic   Conj/Tloc      67%        2d14      1%          4
e - Momentum Strike       Conj/Tloc      100%       3d10      1%          2
f - Slow                  Hex            100%       N/A       1%          1
g - Stone Arrow           Conj/Erth      100%       3d13      1%          3
h - Brom's Barrelling Bo  Conj/Erth      68%        2d8       1%          4
i - Animate Armour        Summ/Erth      100%       N/A       1%          4
s - Dazzling Flash        Conj/Hex       100%       N/A       1%          3
Your spell library was empty.

Dungeon Overview and Level Annotations

Branches:
Dungeon (12/15)            Temple (1/1) D:4            Lair (0/5) D:9
 Bailey (visited)
    Orc: D:9-12

Altars:
Ashenzari
Cheibriados
Dithmenos
Elyvilon
Gozag
Hepliaklqana
Makhleb
Nemelex Xobeh
Okawaru
Qazlal
Ru
Trog
Uskayaw
Wu Jian
Xom
Yredelemnul
Zin
The Shining One

Shops:
D:9 (!   D:10 !   D:11 ?

Annotations:
D:2 1 runed translucent door, Crazy Yiuf
D:5 2 transporters, Unit's ghost, amateur AtFi


Innate Abilities, Weirdness & Mutations

You are immune to sickness and miasma.
You are immune to poison.
Your flesh is very heat resistant. (rF++)
You are vulnerable to cold. (rC-)
You float through the air rather than walking.
You learn spells naturally, not from books.
Your magical power is your life essence.
You have superior vitality. (+4 MHP)


Message History

The two-headed ogre hits you with a +0 dire flail!!
* * * LOW HITPOINT WARNING * * *
The two-headed ogre hits you with a +0 giant spiked club!!
* * * LOW HITPOINT WARNING * * *
Your fulminant prism crackles loudly.
An orc warrior comes into view. It is wielding a +0 long sword.
The orc attacks as it pursues you! The orc barely misses you.
Your fulminant prism explodes!
The blast of energy engulfs the two-headed ogre!!
You kill the two-headed ogre!
The blast of energy engulfs the orc!!!
You kill the orc!
You hear a shout! x2
Casting: Fulminant Prism (mildly dangerous; 1% risk of failure)
Confirm with . or Enter, or press ? or * to list all spells.
You erupt in a blast of force!
The mystic blast hits the orc warrior!
The orc warrior is moderately wounded.
The orc warrior is knocked back by the mystic blast.
The mystic blast hits the orc warrior but does no damage.
* * * LOW HITPOINT WARNING * * *
A kobold demonologist comes into view. It is wielding a +2 dagger of venom.
The orc warrior barely misses you.
Casting: Iskenderun's Mystic Blast (mildly dangerous; 1% risk of failure)
Confirm with . or Enter, or press ? or * to list all spells.
You erupt in a blast of force!
The mystic blast hits the orc warrior!
The orc warrior is moderately wounded.
The orc warrior is knocked back by the mystic blast.
The mystic blast hits the orc warrior!
The orc warrior is moderately wounded.
The orc warrior is knocked back by the mystic blast.
The orc warrior collides with the orc warrior!
The orc warrior is heavily wounded.
* * * LOW HITPOINT WARNING * * *
You hear a shout! x2
The kobold demonologist gestures wildly while chanting.
The kobold demonologist begins to cast a cantrip, but forgets the words!
There is a stone staircase leading up here.
The orc priest calls down the wrath of Beogh upon you.
Beogh smites you!
You die...

#.............#
#......o......#
#......)......#
#......)o.....#
#..)o.....#
#o........#
#.oo......#
#.........#
#.@(..4.K.#
#...........
#...........
.......[....
............
.###........ #>
#........ #
#........


You could see a kobold demonologist, a chaos spawn (summoned), 5 orc warriors
and an orc priest.

Vanquished Creatures
  A two-headed ogre (D:12)
  3 death yaks (D:9)
  3 orc knights (Bailey)
  A cyclops (D:10)
  2 gargoyles
  Psyche (D:9)
  An unseen horror (D:10)
  Prince Ribbit (D:9)
  Grinder (D:6)
  4 wraiths
  19 yaks
  A shadow (D:11)
  A wyvern (D:10)
  7 humans (D:7)
  6 vampire mosquitoes
  2 acid dragons
  Duvessa (D:7)
  7 orc warriors
  A sky beast (D:6)
  2 black bears (D:5)
  2 ogres (D:4)
  3 centaurs (D:9)
  4 kobold brigands
  2 bullfrogs
  2 gnoll sergeants (D:9)
  4 scorpions
  11 wights
  Dowan (D:7)
  3 howler monkeys (D:7)
  A jelly (D:6)
  5 orc priests
  10 hounds
  4 gnoll boudas (D:9)
  2 sleepcaps
  5 iguanas
  Ijyb (D:3)
  16 orc wizards
  22 gnolls
  5 adders
  3 ufetubi (D:6)
  5 worms (D:2)
  4 dart slugs
  46 orcs
  9 endoplasms
  A giant cockroach (D:1)
  11 goblins
  10 hobgoblins
  5 jackals
  20 kobolds
  5 quokkas (D:1)
  3 ball pythons
  4 bats
  5 frilled lizards
  7 rats
306 creatures vanquished.

Vanquished Creatures (collateral kills)
  A boulder (D:7)
1 creature vanquished.

Vanquished Creatures (others)
  7 boulders
  212 fulminant prisms
219 creatures vanquished.

Grand Total: 526 creatures vanquished

Notes
Turn   | Place    | Note
-------+----------+-------------------------------------------
     0 | D:1      | Agrajec the Djinni Conjurer began the quest for the Orb.
     0 | D:1      | Agrajec set off with the following spells memorised: Magic
                  | Dart, Searing Ray, Dazzling Flash, Fulminant Prism,
                  | Iskenderun's Mystic Blast.
     0 | D:1      | Reached XP level 1. HP: 15/15 MP: 0/0
    95 | D:1      | Reached XP level 2. HP: 19/21 MP: 0/0
   309 | D:1      | Reached XP level 3. HP: 23/25 MP: 0/0
   309 | D:1      | Learned a level 1 spell: Slow
   958 | D:2      | Reached XP level 4. HP: 29/31 MP: 0/0
  1156 | D:2      | Found a runed translucent door.
  1157 | D:2      | Noticed Crazy Yiuf
  1585 | D:3      | Noticed Ijyb
  1594 | D:3      | Killed Ijyb
  1595 | D:3      | Reached skill level 1 in Fighting
  1595 | D:3      | Reached XP level 5. HP: 21/37 MP: 0/0
  1595 | D:3      | Learned a level 2 spell: Momentum Strike
  1713 | D:3      | Found a faded altar of an unknown god.
  2575 | D:4      | Noticed an ogre
  2580 | D:4      | Killed an ogre
  2581 | D:4      | Reached skill level 5 in Spellcasting
  2581 | D:4      | Reached skill level 5 in Conjurations
  2581 | D:4      | Reached skill level 5 in Hexes
  2581 | D:4      | Reached skill level 5 in Summonings
  2581 | D:4      | Reached skill level 5 in Necromancy
  2581 | D:4      | Reached skill level 5 in Translocations
  2581 | D:4      | Reached skill level 5 in Transmutations
  2581 | D:4      | Reached skill level 5 in Fire Magic
  2581 | D:4      | Reached skill level 5 in Ice Magic
  2581 | D:4      | Reached skill level 5 in Air Magic
  2581 | D:4      | Reached skill level 5 in Earth Magic
  2581 | D:4      | Reached skill level 5 in Poison Magic
  2581 | D:4      | Reached XP level 6. HP: 28/43 MP: 0/0
  2749 | D:4      | Found a bloodstained altar of Trog.
  2752 | D:4      | Found a basalt altar of Yredelemnul.
  2752 | D:4      | Found a sacrificial altar of Ru.
  2765 | D:4      | Found a white marble altar of Elyvilon.
  2807 | D:4      | Noticed an ogre
  2816 | D:4      | Found a shimmering altar of Xom.
  2818 | D:4      | Found an iron altar of Okawaru.
  2821 | D:4      | Killed an ogre
  2822 | D:4      | Reached XP level 7. HP: 23/50 MP: 0/0
  2822 | D:4      | Learned a level 3 spell: Stone Arrow
  3240 | D:4      | Found a staircase to the Ecumenical Temple.
  3256 | Temple   | Entered the Ecumenical Temple
  3262 | Temple   | Became a worshipper of Ashenzari the Shackled
  3327 | D:4      | Found a glowing silver altar of Zin.
  3500 | D:5      | Entered Level 5 of the Dungeon
  3689 | D:5      | Reached XP level 8. HP: 46/58 MP: 0/0
  3981 | D:5      | Found a transporter.
  3992 | D:5      | Noticed Unit's ghost (amateur AtFi)
  4095 | D:5      | Found a transporter.
  4355 | D:6      | Noticed Grinder
  4369 | D:6      | Reached skill level 5 in Fighting
  4369 | D:6      | Killed Grinder
  4376 | D:6      | Reached XP level 9. HP: 26/66 MP: 0/0
  4376 | D:6      | Learned a level 4 spell: Brom's Barrelling Boulder
  5287 | D:7      | Noticed Duvessa
  5287 | D:7      | Noticed Dowan
  5291 | D:7      | Killed Dowan
  5297 | D:7      | Killed Duvessa
  5733 | D:7      | Identified the +2 ring mail "Qeimal" {rPois rF+ Int+2}
  5820 | D:7      | Reached XP level 10. HP: 43/75 MP: 0/0
  6024 | D:7      | Reached skill level 5 in Dodging
  7121 | D:8      | You are sucked into a shaft and drop 1 floor!
  7121 | D:9      | Found an ornate altar of the Wu Jian Council.
  7145 | D:9      | Noticed Psyche
  7159 | D:9      | Reached skill level 1 in Armour
  7173 | D:9      | Killed Psyche
  7346 | D:9      | Reached XP level 11. HP: 50/82 MP: 0/0
  7346 | D:9      | Learned a level 4 spell: Animate Armour
  7499 | D:9      | Found a hide-covered altar of Uskayaw.
  7706 | D:9      | Found Pojoin's Antique Weapon Shoppe.
  7783 | D:9      | Noticed Prince Ribbit
  7789 | D:9      | Killed Prince Ribbit
  8258 | D:9      | Noticed a death yak
  8267 | D:9      | Reached skill level 10 in Spellcasting
  8267 | D:9      | Reached skill level 10 in Conjurations
  8267 | D:9      | Reached skill level 10 in Hexes
  8267 | D:9      | Reached skill level 10 in Summonings
  8267 | D:9      | Reached skill level 10 in Necromancy
  8267 | D:9      | Reached skill level 10 in Translocations
  8267 | D:9      | Reached skill level 10 in Transmutations
  8267 | D:9      | Reached skill level 10 in Fire Magic
  8267 | D:9      | Reached skill level 10 in Ice Magic
  8267 | D:9      | Reached skill level 10 in Air Magic
  8267 | D:9      | Reached skill level 10 in Earth Magic
  8267 | D:9      | Reached skill level 10 in Poison Magic
  8270 | D:9      | Noticed a death yak
  8278 | D:9      | Noticed a death yak
  8286 | D:9      | Killed a death yak
  8300 | D:9      | Killed a death yak
  8526 | D:9      | Killed a death yak
  8747 | D:9      | Found a sparkling altar of Nemelex Xobeh.
  8795 | D:9      | Found Opsi's Distillery.
  8799 | D:9      | Bought a potion of curing for 51 gold pieces
  8825 | D:9      | Found a staircase to the Lair.
  8903 | D:10     | Entered Level 10 of the Dungeon
  8903 | D:10     | Noticed a boulder beetle
  8908 | D:10     | Noticed an orc knight
  8918 | D:10     | Noticed a red ugly thing
  8925 | D:10     | HP: 3/84 [red ugly thing (3)]
  9161 | D:10     | Found a flagged portal.
  9171 | Bailey   | Entered a bailey
  9347 | Bailey   | Noticed an orc knight
  9350 | Bailey   | Noticed an orc knight
  9356 | Bailey   | Noticed an orc knight
  9359 | Bailey   | Killed an orc knight
  9362 | Bailey   | Killed an orc knight
  9369 | Bailey   | Killed an orc knight
  9385 | Bailey   | Reached skill level 5 in Armour
  9385 | Bailey   | Reached XP level 12. HP: 9/91 MP: 0/0
  9700 | Bailey   | Acquired a manual of Stealth
 10875 | D:10     | Found Doashav's Distillery.
 10882 | D:10     | Bought a potion of heal wounds for 85 gold pieces
 11331 | D:11     | Found Misyod's Magic Scroll Shoppe.
 11335 | D:11     | Bought a scroll of enchant armour for 112 gold pieces
 11335 | D:11     | Bought a scroll of teleportation for 45 gold pieces
 11335 | D:11     | Bought a scroll of teleportation for 45 gold pieces
 11438 | D:11     | Reached skill level 10 in Fighting
 11633 | D:12     | Noticed a two-headed ogre
 11652 | D:12     | Killed a two-headed ogre
 11659 | D:12     | Killed from afar by an orc priest

Illustrated notes

Levels and vault maps discovered:
D:1:      tarquinn_simple_flora_water_d, layout_basic
D:2:      layout_rooms, uniq_crazy_yiuf_cottage
D:3:      layout_basic, ebering_ecumenical_altar_sacrificial,
          minmay_goblin_kobold_house, uniq_ijyb
D:4:      layout_basic, zin_treasury, grunt_temple_overflow_open,
          overflow_temple_1_default, minmay_temple_entry_gardened_gates
D:5:      layout_cave_pools, gammafunk_ghost_gnarly_gnolls,
          nicolae_concentric_dashed_squares_mild
D:6:      kennysheep_six_static_rooms, layout_loops_ring, uniq_grinder
D:7:      erik_cavepeople, layout_cave_pools, kennysheep_small_spiral,
          uniq_duvessa
D:8:      layout_basic, fedhas_ov_isle_minmay, minmay_misc_feat_square
D:9:      layout_big_octagon, nicolae_uskayaw_murder_on_the_dancefloor,
          mainiacjoe_overflow_catwalk, mainiacjoe_overflow_six_doors_small,
          dpeg_lair_monsters, serial_gnoll_camp, gnoll_camp_huts_basic,
          gnoll_camp_mini_shop, gnoll_camp_mini_hut, gnoll_camp_mini_shop,
          gnoll_camp_mini_house, uniq_psyche, uniq_prince_ribbit1
D:10:     cheibrodos_elevator_heist, layout_loops_corners, enter_bailey_4,
          minmay_misc_feat_roman, kennysheep_windowed_goal
D:11:     layout_rooms, serial_shops, nicolae_shop_behind_doors
D:12:     layout_long_grid, david_orc_5
Temple:   hellmonk_temple_rainy

Skill      XL: |  1  2  3  4  5  6  7  8  9 10 11 12 |
---------------+-------------------------------------+-----
Spellcasting   | 4 5 6 7 8 9 10 11 | 11.5
Conjurations   | 4 5 6 7 8 9 10 11 | 11.5
Hexes          | 4 5 6 7 8 9 10 11 | 11.5
Summonings     | 4 5 6 7 8 9 10 11 | 11.5
Necromancy     | 4 5 6 7 8 9 10 11 | 11.5
Translocations | 4 5 6 7 8 9 10 11 | 11.5
Transmutations | 4 5 6 7 8 9 10 11 | 11.5
Fire Magic     | 4 5 6 7 8 9 10 11 | 11.5
Ice Magic      | 4 5 6 7 8 9 10 11 | 11.5
Air Magic      | 4 5 6 7 8 9 10 11 | 11.5
Earth Magic    | 4 5 6 7 8 9 10 11 | 11.5
Poison Magic   | 4 5 6 7 8 9 10 11 | 11.5
Fighting       | 1 2 3 5 6 7 9 10 | 10.0
Dodging        | 4 6 7 |  7.0
Armour         | 1 5 6 |  6.3
Stealth        | |  1.5

Action                     |  1- 3 |  4- 6 |  7- 9 | 10-12 || total
---------------------------+-------+-------+-------+-------++-------
  Melee: Short sword       |     4 |       |       |       ||     4
   Cast: Magic Dart        |    84 |    65 |    43 |    31 ||   223
         Searing Ray       |     2 |     6 |     8 |     2 ||    18
         Fulminant Prism   |       |    11 |    41 |   160 ||   212
         Momentum Strike   |       |     3 |       |       ||     3
         Iskenderun's Myst |       |       |    20 |    40 ||    60
         Brom's Barrelling |       |       |     3 |    10 ||    13
         Stone Arrow       |       |       |       |    18 ||    18
         Animate Armour    |       |       |       |     2 ||     2
         Dazzling Flash    |       |       |       |     1 ||     1
 Invoke: Curse Item        |       |       |     1 |       ||     1
    Use: Scroll            |       |     1 |     1 |     7 ||     9
         Potion            |       |       |       |     2 ||     2
 Armour: Robe              |     3 |     6 |    12 |    35 ||    56
         Ring mail         |       |       |       |     3 ||     3
  Dodge: Dodged            |     8 |     1 |    13 |    37 ||    59
  Block: Other             |       |       |       |    10 ||    10
         Reflection        |       |       |       |     2 ||     2

Table legend: (Time is in decaauts)
 A = Elapsed time spent in this place.
 B = Non-inter-level travel time spent in this place.
 C = Inter-level travel time spent in this place.
 D = Time resting spent in this place.
 E = Time spent auto-exploring this place.
 F = Levels seen in this place.
 G = Mean time per level.
                   A        B        C        D        E       F      G
               +--------+--------+--------+--------+--------+-----+--------+
         Total |  11676 |  11366 |    310 |   2872 |   6738 |  14 |  834.0 |
       Dungeon |  11123 |  10818 |    305 |   2619 |   6564 |  12 |  926.9 |
        Temple |     12 |      7 |      5 |      0 |      0 |   1 |   12.0 |
        Bailey |    540 |    540 |      0 |    253 |    174 |   1 |  540.0 |
               +--------+--------+--------+--------+--------+-----+--------+

Top non-repeatable levels by time:
    D:10: 1602 daAuts
     D:9: 1587 daAuts
     D:7: 1556 daAuts
     D:4: 1127 daAuts
     D:3: 1093 daAuts
     D:6: 972 daAuts
     D:1: 800 daAuts
     D:2: 640 daAuts
     D:5: 638 daAuts
    D:11: 602 daAuts
  Bailey: 540 daAuts
     D:8: 474 daAuts
    D:12: 25 daAuts
  Temple: 12 daAuts
